 Dungeon Sprint DCSS version 0.19-a0-1922-g1e9a4c1 (webtiles) character file.

57349 LORDOFBUTT the Slayer (level 14, 0/155 HPs)
             Began as a Minotaur Fighter on Oct 24, 2016.
             Was an Initiate of Gozag.
             Shot with an arrow by a deep elf archer (14 damage)
             ... in the Dungeon (Sprint IX: "|||||||||||||||||||||||||||||").
             The game lasted 00:15:01 (5063 turns).

LORDOFBUTT the Slayer (Minotaur Fighter)            Turns: 5063, Time: 00:15:02

Health: 0/155      AC: 39    Str: 32    XL:     14   Next: 45%
Magic:  22/22      EV: 13    Int: 10    God:    Gozag
Gold:   10915      SH:  0    Dex: 17    Spells: 0 memorised, 13 levels left

rFire  + + .     SeeInvis .     J - +3 war axe (elec)
rCold  + + .     Gourm    .     D - +9 armour of the Dragon King {rPois rF+ rC+ MR+}
rNeg   . . .     Faith    .     (no shield)
rPois  +         Spirit   .     (helmet restricted)
rElec  +         Reflect  .     B - +0 cloak
rCorr  +         Harm     .     C - +0 pair of gloves
MR     ++...     NoTele   +     (no boots)
Stlth  ..........               (no amulet)
                                t - +3 ring of strength
                                s - +2 ring of protection

@: mighty, brilliant, agile, resistant, gold aura
A: retaliatory headbutt, horns 2
a: Potion Petition, Call Merchant, Bribe Branch, Renounce Religion


You were in the Dungeon.
You worshipped Gozag.
Gozag was extremely pleased with you.
You were not hungry.

You visited 1 branch You collected 15460 gold pieces.
You spent 1882 gold pieces at shops.
You paid 2663 gold pieces to Gozag.

Inventory:

Hand Weapons
 a - a +0 war axe
 l - a +0 shortbow
 r - a +3 war axe of freezing
 J - a +3 war axe of electrocution (weapon)
Missiles
 m - 35 arrows (quivered)
Armour
 b - a +0 scale mail
 c - a +0 shield
 B - a +0 cloak (worn)
 C - a +0 pair of gloves (worn)
 D - the +9 armour of the Dragon King (worn) {rPois rF+ rC+ MR+}
   (You bought it in a shop in the Dungeon)

   It protects you from fire.
   It protects you from cold.
   It protects you from poison.
   It affects your resistance to hostile enchantments.
Jewellery
 s - a +2 ring of protection (left hand)
 t - a +3 ring of strength (right hand)
 G - an uncursed ring of protection from fire
 H - an uncursed ring of protection from magic
 I - an uncursed ring of fire
Wands
 q - a wand of iceblast (2/15)
 F - a wand of polymorph (3/24)
Scrolls
 o - 4 scrolls of remove curse
 p - 2 scrolls of amnesia
 x - 7 scrolls of enchant armour
 y - a scroll of recharging
 A - 2 scrolls of identify
Potions
 d - a potion of brilliance
 e - 6 potions of curing
 g - a potion of invisibility
 i - 4 potions of magic
 u - a potion of might
 v - a potion of agility
 w - a potion of resistance
 z - a potion of cancellation
 E - 3 potions of cure mutation
Comestibles
 f - 40 fruits
 j - 12 bread rations
 n - 10 meat rations


   Skills:
 + Level 22.5 Fighting
 - Level 17.6 Axes
 - Level 17.2 Bows
 + Level 22.5 Armour
 - Level 1.0 Dodging
 - Level 17.1 Shields
 + Level 12.2 Evocations


You had 13 spell levels left.
You didn't know any spells.

Dungeon Overview and Level Annotations

Branches:
Dungeon (1/1)

Altars:
Cheibriados
Dithmenos
Elyvilon
Fedhas
Gozag
Hepliaklqana
Kikubaaqudgha
Makhleb
Nemelex Xobeh
Okawaru
Qazlal
Ru
Sif Muna
Trog
Uskayaw
Vehumet
Xom
Yredelemnul
Zin
The Shining One
Beogh
Jiyva
Lugonu

Shops:
D [*(?(?


Innate Abilities, Weirdness & Mutations

You reflexively headbutt those who attack you in melee.
You have a pair of horns on your head.


Message History

You slice something!! Something hits you!
* * * LOW HITPOINT WARNING * * *
You slash something!
Reactivating autopickup.
You feel a bit more experienced.
The deep elf archer is no longer distracted by gold.
The deep elf archer shoots an arrow.
The arrow hits you but does no damage.
Items here: $ ( ) [ 63 gold pieces; an arrow; a scimitar; a leather armour Evoke which item? (* to show all) (? for menu, Esc to quit)
Zapping:
q - a wand of iceblast (3/15)
Press: ? - help, Shift-Dir - straight line, f - deep elf archer
Aim: a deep elf archer, wielding a longbow and wearing a leather armour (repelling missiles, bound soul)
The mass of ice explodes!
The iceblast engulfs the deep elf archer.
The deep elf archer is heavily wounded.
This wand has 2 charges left.
The deep elf archer shoots an arrow.
The arrow hits you!
You die...
Your body crumbles into a pile of gold.

[▓.▓'▓.▓'▓.▓.▓.▓
.▓.▓.▓.▓.▓.▓.▓.▓.▓
.▓.▓.▓.▓.▓.▓.▓)▓.▓
.▓.▓.▓.▓.▓.▓'▓.▓.▓
$
'▓.▓.▓(▓.▓.▓.▓.▓e▓
[▓.▓.▓(▓.▓.▓.▓.▓.▓
$
)▓.▓∩▓(▓.▓.▓.▓.▓.▓
.▓.▓)▓(▓(▓.▓.▓.▓.▓
(▓.▓∩▓.▓.▓.▓.▓.▓@▓
.▓.▓)▓(▓)▓.▓(▓.▓$▓
$
.▓.▓∩▓)▓)▓.▓∩▓.▓$▓
.▓.▓.▓)▓.▓.▓(▓.▓.▓
.▓.▓∩▓.▓.▓.▓.▓.▓$▓
.▓.▓)▓.▓)▓.▓'▓.▓$▓
.▓.▓)▓.▓.▓.♣.♣.▓$▓
.▓.▓)▓.▓.▓.♣.♣.▓(▓
.▓.▓)▓.▓)▓.♣.♣.▓$▓


You could see a deep elf archer.

Vanquished Creatures
  A sphinx (D)
  3 fire giants (D)
  2 frost giants (D)
  A vault warden (D)
  4 stone giants (D)
  An ironheart preserver (D)
  A spark wasp (D)
  An ettin (D)
  A fire dragon (D)
  A great orb of eyes (D)
  9 ogre magi (D)
  3 ice dragons (D)
  A yaktaur captain (D)
  A rakshasa (D)
  A hydra (D)
  A naga warrior (D)
  A death knight (D)
  A deep troll shaman (D)
  A merfolk avatar (D)
  An alligator (D)
  Urug (D)
  A naga sharpshooter (D)
  A deep elf knight (D)
  Sonja (D)
  3 sea snakes (D)
  A glowing orange brain (D)
  A harpy (D)
  A hill giant (D)
  4 lindwurms (D)
  3 orc knights (D)
  4 wolf spiders (D)
  An orb spider (D)
  3 ugly things (D)
  An orc sorcerer (D)
  2 cyclopes (D)
  Maurice (D)
  A moth of wrath (D)
  3 naga magi (D)
  A vault sentinel (D)
  6 black mambas (D)
  Joseph (D)
  A water nymph (D)
  2 spiny frogs (D)
  A kobold demonologist (D)
  A komodo dragon (D)
  2 jumping spiders (D)
  A troll (D)
  A hornet (D)
  6 two-headed ogres (D)
  2 tyrant leeches (D)
  A snapping turtle (D)
  A hippogriff (D)
  2 blink frogs (D)
  4 slime creatures (D)
  A tarantella (shapeshifter) (D)
  A spriggan (shapeshifter) (D)
  A redback (D)
  A yak (shapeshifter) (D)
  2 yaks (D)
  A steam dragon (D)
  A vampire mosquito (D)
  A water moccasin (shapeshifter) (D)
  5 porcupines (D)
  2 water moccasins (D)
  12 orc warriors (D)
  2 sky beasts (D)
  2 swamp drakes (D)
  3 ogres (D)
  A centaur (D)
  A crocodile (D)
  A killer bee (D)
  4 orc priests (D)
  A hound (D)
  A jelly (D)
  4 orc wizards (D)
  2 iguanas (D)
  A worker ant (D)
  2 adders (D)
  A shadow imp (D)
  An adder zombie (D)
  2 adder skeletons (D)
  3 worms (D)
  A dart slug (D)
  An adder simulacrum (D)
  5 orcs (D)
  A giant cockroach (D)
  A jackal (D)
  A kobold (D)
  A ball python zombie (D)
  A goblin (D)
  A rat (D)
175 creatures vanquished.

Vanquished Creatures (others)
  A spriggan druid (D)
  A necromancer (D)
  A swamp drake (D)
3 creatures vanquished.

Grand Total: 178 creatures vanquished

Notes
Turn   | Place    | Note
-------+----------+-------------------------------------------
     0 | D        | LORDOFBUTT the Minotaur Fighter began the quest for the Orb.
     0 | D        | Reached XP level 1. HP: 19/19 MP: 0/0
    24 | D        | Noticed a worker ant
    24 | D        | Noticed a centaur
    24 | D        | Noticed an iguana
    32 | D        | Killed an iguana
    32 | D        | Reached skill level 5 in Fighting
    32 | D        | Reached skill level 5 in Armour
    32 | D        | Reached skill level 5 in Shields
    32 | D        | Reached XP level 2. HP: 29/29 MP: 1/1
    32 | D        | Reached XP level 3. HP: 36/36 MP: 2/2
    44 | D        | Killed a centaur
    44 | D        | Reached XP level 4. HP: 41/45 MP: 3/3
    52 | D        | Reached skill level 1 in Dodging
    52 | D        | Reached XP level 5. HP: 34/51 MP: 4/4
   238 | D        | Found a roughly hewn altar of Beogh.
   238 | D        | Found a snail-covered altar of Cheibriados.
   238 | D        | Found a shadowy altar of Dithmenos.
   238 | D        | Found a white marble altar of Elyvilon.
   238 | D        | Found a blossoming altar of Fedhas.
   238 | D        | Found an opulent altar of Gozag.
   239 | D        | Found a hazy altar of Hepliaklqana.
   240 | D        | Found a viscous altar of Jiyva.
   241 | D        | Found an ancient bone altar of Kikubaaqudgha.
   242 | D        | Found a corrupted altar of Lugonu.
   243 | D        | Found a burning altar of Makhleb.
   244 | D        | Found a sparkling altar of Nemelex Xobeh.
   266 | D        | Found an iron altar of Okawaru.
   267 | D        | Found a stormy altar of Qazlal.
   268 | D        | Found a sacrificial altar of Ru.
   269 | D        | Found a deep blue altar of Sif Muna.
   270 | D        | Found a bloodstained altar of Trog.
   271 | D        | Found a hide-covered altar of Uskayaw.
   272 | D        | Found a radiant altar of Vehumet.
   277 | D        | Found a shimmering altar of Xom.
   278 | D        | Found a basalt altar of Yredelemnul.
   279 | D        | Found a glowing silver altar of Zin.
   280 | D        | Found a glowing golden altar of the Shining One.
   299 | D        | Became a worshipper of Gozag Ym Sagoz the Greedy
   340 | D        | Noticed a sky beast
   340 | D        | Noticed a steam dragon
   344 | D        | Reached skill level 1 in Bows
   348 | D        | Killed a steam dragon
   348 | D        | Reached XP level 6. HP: 51/61 MP: 5/5
   356 | D        | Killed a sky beast
   373 | D        | Noticed a green ugly thing
   373 | D        | Noticed a vampire mosquito
   375 | D        | Reached skill level 10 in Axes
   384 | D        | Killed a green ugly thing
   384 | D        | Reached skill level 5 in Bows
   384 | D        | Reached XP level 7. HP: 36/70 MP: 6/6
   385 | D        | Killed a vampire mosquito
   385 | D        | Reached skill level 10 in Shields
   389 | D        | Reached XP level 8. HP: 34/79 MP: 7/7
   694 | D        | Noticed a black mamba
   694 | D        | Noticed a blink frog
   694 | D        | Noticed a komodo dragon
   699 | D        | Killed a komodo dragon
   699 | D        | Reached skill level 10 in Fighting
   704 | D        | Noticed a spiny frog
   705 | D        | Killed a blink frog
   705 | D        | Reached skill level 10 in Armour
   730 | D        | Killed a black mamba
   730 | D        | Reached XP level 9. HP: 50/86 MP: 8/8
   743 | D        | Killed a spiny frog
   947 | D        | Noticed a black mamba
   947 | D        | Noticed a spiny frog
   961 | D        | Killed a spiny frog
   961 | D        | Reached skill level 15 in Axes
   967 | D        | Killed a black mamba
   977 | D        | Reached XP level 10. HP: 31/97 MP: 9/9
  1329 | D        | Noticed a lindwurm
  1329 | D        | Noticed a lindwurm
  1329 | D        | Noticed a lindwurm
  1331 | D        | Killed a lindwurm
  1348 | D        | Reached skill level 10 in Bows
  1350 | D        | Noticed a lindwurm
  1353 | D        | Killed a lindwurm
  1357 | D        | Killed a lindwurm
  1366 | D        | Killed a lindwurm
  1624 | D        | Bought the +9 armour of the Dragon King {rPois rF+ rC+ MR+} for 1747 gold pieces
  1810 | D        | Noticed an orc sorcerer
  1826 | D        | Noticed an orc knight
  1832 | D        | Killed an orc sorcerer
  1849 | D        | Killed an orc knight
  1849 | D        | Reached XP level 11. HP: 75/107 MP: 10/10
  1893 | D        | Found Lurett's Weapon Boutique.
  1893 | D        | Noticed an ogre mage
  1893 | D        | Noticed an ogre mage
  1903 | D        | Noticed an ogre mage
  1904 | D        | Killed an ogre mage
  1905 | D        | Found Peneptapt's Magic Scroll Shop.
  1910 | D        | Killed an ogre mage
  1916 | D        | Found Fafez's Weapon Boutique.
  1920 | D        | Killed an ogre mage
  1927 | D        | Found Ceublut's General Store.
  1989 | D        | Noticed an ogre mage
  2009 | D        | Killed an ogre mage
  2009 | D        | Reached skill level 15 in Shields
  2105 | D        | Noticed Urug
  2106 | D        | Noticed Joseph
  2125 | D        | Killed Urug
  2125 | D        | Reached skill level 15 in Fighting
  2132 | D        | Killed Joseph
  2132 | D        | Reached skill level 15 in Armour
  2252 | D        | Noticed Maurice
  2264 | D        | Killed Maurice
  2352 | D        | Noticed a fire giant
  2353 | D        | Noticed a stone giant
  2358 | D        | Noticed a frost giant
  2359 | D        | Noticed a white ugly thing
  2363 | D        | Noticed a stone giant
  2371 | D        | Noticed an ice dragon
  2379 | D        | Killed a fire giant
  2379 | D        | Reached XP level 12. HP: 107/122 MP: 11/11
  2388 | D        | Killed a stone giant
  2395 | D        | Killed a frost giant
  2415 | D        | Killed a stone giant
  2438 | D        | Killed an ice dragon
  2738 | D        | Noticed a naga warrior
  2749 | D        | Reached skill level 15 in Bows
  2762 | D        | Killed a naga warrior
  3307 | D        | Noticed a spark wasp
  3327 | D        | Killed a spark wasp
  3327 | D        | Reached XP level 13. HP: 66/136 MP: 12/12
  3690 | D        | Reached skill level 1 in Evocations
  4414 | D        | Bought a scroll of enchant weapon for 135 gold pieces
  4440 | D        | Noticed Sonja
  4445 | D        | Killed Sonja
  4445 | D        | Reached skill level 5 in Evocations
  4601 | D        | Noticed a fire giant
  4602 | D        | Noticed a fire giant
  4611 | D        | Killed a fire giant
  4621 | D        | Noticed an ettin
  4625 | D        | Noticed a stone giant
  4626 | D        | Killed a fire giant
  4640 | D        | Killed a stone giant
  4643 | D        | Killed an ettin
  4807 | D        | Noticed a frost giant
  4809 | D        | Noticed a stone giant
  4823 | D        | Killed a frost giant
  4833 | D        | Killed a stone giant
  4833 | D        | Reached XP level 14. HP: 115/151 MP: 20/20
  4946 | D        | Reached skill level 10 in Evocations
  4969 | D        | Noticed an ironheart preserver
  4972 | D        | Noticed a sphinx
  4998 | D        | Noticed a vault warden
  4999 | D        | Killed an ironheart preserver
  5006 | D        | Paralysed by a sphinx for 2 turns
  5010 | D        | Killed a sphinx
  5020 | D        | Killed a vault warden
  5063 | D        | Shot with an arrow by a deep elf archer

Vault maps used:
D:        linesprint

Skill      XL: |  1  2  3  4  5  6  7  8  9 10 11 12 13 14 |
---------------+-------------------------------------------+-----
Shields        | 5 7 8 9 10 11 12 13 16 17 | 17.1
Fighting       | 5 6 8 9 10 12 13 15 18 21 22 | 22.5
Armour         | 5 6 7 9 10 11 13 15 18 21 22 | 22.5
Axes           | 4 6 9 11 13 15 17 | 17.6
Dodging        | 1 |  1.0
Bows           | 3 5 6 8 9 11 13 16 17 | 17.2
Evocations     | 9 12 | 12.2

Action                   |  1- 3 |  4- 6 |  7- 9 | 10-12 | 13-15 || total
-------------------------+-------+-------+-------+-------+-------++-------
Melee: War axe           |    32 |    33 |    81 |   352 |   221 ||   719
       Headbutt          |     3 |     5 |    19 |    95 |    72 ||   194
 Fire: Shortbow          |       |       |       |       |    22 ||    22
Invok: Potion Petition   |       |       |       |     2 |     2 ||     4
       Call Merchant     |       |       |       |     1 |     1 ||     2
Evoke: Wand              |       |       |       |       |     6 ||     6
  Use: Potion            |     1 |     1 |     2 |     3 |     3 ||    10
       Scroll            |       |       |       |     2 |     4 ||     6
 Stab: Distracted        |       |       |       |     5 |     2 ||     7
  Eat: Bread ration      |       |       |       |     1 |       ||     1
       Meat ration       |       |       |       |     1 |     1 ||     2
Armor: Scale mail        |    11 |     7 |    12 |     2 |       ||    32
       Gold dragon scale |       |       |       |   102 |   152 ||   254
Dodge: Dodged            |     5 |    12 |    19 |    37 |    63 ||   136
Block: Shield            |    22 |    15 |    35 |   121 |       ||   193
